 Dungeon Crawl Stone Soup version 0.21.0-3-g78d12a8 (webtiles) character file.

1696 Mourdos the Archer (level 8, -2/61 HPs)
             Began as a Centaur Hunter on Jan 10, 2018.
             Was an Initiate of Hepliaklqana.
             Killed by divine providence
             ... invoked by an orc priest
              (16 damage)
             ... on level 7 of the Dungeon.
             The game lasted 00:45:25 (6226 turns).

Mourdos the Archer (Centaur Hunter)                 Turns: 6226, Time: 00:45:31

Health: -2/61      AC:  7    Str: 14    XL:     8   Next: 72%
Magic:  7/8        EV: 10    Int: 10    God:    Hepliaklqana [......]
Gold:   256        SH:  0    Dex: 13    Spells: 7/7 levels left

rFire    . . .     SeeInvis .   G - +0 halberd (venom)
rCold    . . .     Gourm    .   (shield currently unavailable)
rNeg     . . .     Faith    .   w - +0 troll leather armour {Purgy}
rPois    .         Spirit   .   F - +0 helmet
rElec    +         Reflect  .   i - +0 cloak
rCorr    +         Harm     .   (no gloves)
MR       .....                  (no barding)
Stlth    ++........             c - amulet "Soblouk Osk" {+Blink +Rage rElec}
HPRegen  0.60/turn              l - ring of stealth
MPRegen  0.11/turn              y - ring of resist corrosion

@: very quick
A: large, reduced essence, hooves 3, deformed body, speed 2, tough skin 3
a: Recall Ancestor, Ancestor Identity, Renounce Religion, Evoke Blink, Evoke
Berserk Rage


You were on level 7 of the Dungeon.
You worshipped Hepliaklqana.
Hepliaklqana was noncommittal.
You were not hungry.

You visited 2 branches of the dungeon, and saw 8 of its levels.

You collected 256 gold pieces.

Inventory:

Hand Weapons
 a - a +1 shortbow
 p - a +2 quarterstaff of chaos
 G - a +0 halberd of venom (weapon)
 L - a +0 dagger of venom
 O - a +2 mace of holy wrath
Missiles
 d - 14 arrows
Armour
 i - a +0 cloak (worn)
 w - a +0 troll leather armour (worn) {Purgy}
 E - a +0 cloak of magic resistance
 F - a +0 helmet (worn)
 M - a +0 chain mail
 N - a +2 robe of cold resistance
Jewellery
 c - the amulet "Soblouk Osk" (around neck) {+Blink +Rage rElec}
   (You found it on level 6 of the Dungeon)

   [amulet of rage]

   It insulates you from electricity.
   It lets you blink.
   It lets you go berserk.
 l - a ring of stealth (left hand)
 o - an uncursed amulet of magic regeneration {unknown}
 y - a ring of resist corrosion (right hand)
 I - an uncursed amulet of regeneration
Wands
 C - a wand of random effects (23)
 H - a wand of polymorph (24)
 K - a wand of enslavement (9)
Scrolls
 h - 2 scrolls of remove curse
 j - a scroll of blinking {unknown}
 m - 3 scrolls of identify {unknown}
 n - 4 scrolls of teleportation {unknown}
 t - 4 scrolls of magic mapping {unknown}
 v - a scroll of amnesia {unknown}
 z - 3 scrolls of enchant armour {unknown}
 B - a scroll of immolation {unknown}
 D - a scroll of fog {unknown}
 J - 2 scrolls of fear {unknown}
Potions
 b - a potion of berserk rage {unknown}
 e - 2 potions of curing
 k - 2 potions of ambrosia
 q - a potion of degeneration {unknown}
 r - a potion of heal wounds {unknown}
 s - a potion of invisibility {unknown}
 u - a potion of agility {unknown}
 x - 4 potions of haste
 A - a potion of might {unknown}
Comestibles
 f - 13 rations
 g - 4 chunks of flesh


   Skills:
 + Level 5.3 Fighting
 + Level 0.4 Polearms
 + Level 11.9 Bows
 + Level 2.6 Armour
 + Level 2.6 Dodging
 + Level 1.1 Stealth


You had 7 spell levels left.
You didn't know any spells.

Dungeon Overview and Level Annotations

Branches:
Dungeon (7/15)             Temple (1/1) D:6

Altars:
Ashenzari
Cheibriados
Dithmenos
Elyvilon
Fedhas
Gozag
Hepliaklqana
Kikubaaqudgha
Makhleb
Nemelex Xobeh
Okawaru
Qazlal
Ru
Sif Muna
Trog
Uskayaw
Vehumet
Wu Jian
Xom
Yredelemnul
Zin
The Shining One


Innate Abilities, Weirdness & Mutations

You have hooves in place of feet.
Armour fits poorly on your strangely shaped body.
You cover ground very quickly.
You have extremely tough skin. (AC +3)
Your life essence is reduced to manifest your ancestor. (-10% HP)


Message History

The orc wizard moves out of view.
Found a dagger.
Cihuaton is recalled.
Found 16 gold pieces.
The orc warrior closely misses Cihuaton.
Found a leather armour.
You see here a potion of curing.
Cihuaton hits the orc warrior.
You feel a bit more experienced.
Something hits Cihuaton.
An orc and an orc priest come into view.
Cihuaton closely misses the orc priest.
The orc priest misses Cihuaton.
Found 12 bolts.
Cihuaton barely misses the orc priest.
You swap places.
An orc priest comes into view.
The orc priest shouts!
Cihuaton barely misses the orc priest.
The orc priest calls down the wrath of Beogh upon you.
Beogh smites you!
You die...

.. ... #.### #. #.#
.... #$. #.# ###..###
#..##.####......(
###.............#
#........o....#.#
#.............# ####
#..##.####R.### #..
#.#..##.####o@# #.#
.......!.)...o######[#
.....o#.........)....#
[........####..)....<#
.......... #.#####.##
......#..## #.# #.#
##..#.#..# #.# #.#
##.#.#..# #o# #.# # .
.).. ... ...


You could see the friendly Cihuaton the ancestor, 2 orc priests, an orc wizard
and an orc.

Vanquished Creatures
  Purgy (D:3)
  An orc warrior (D:7)
  An ice beast (D:5)
  A sky beast (D:5)
  2 phantoms
  2 black bears (D:6)
  A scorpion (D:6)
  2 crimson imps
  A hound (D:5)
  2 orc priests
  6 orc wizards
  Crazy Yiuf (D:6)
  An iguana (D:4)
  2 worker ants
  Robin (D:4)
  A howler monkey skeleton (D:5)
  4 gnolls (D:4)
  10 adders
  2 oozes
  2 adder skeletons
  An adder zombie (D:6)
  2 worms
  5 leopard geckos
  14 orcs
  3 ball pythons
  3 giant cockroaches
  8 goblins
  9 hobgoblins
  3 jackals (D:3)
  10 kobolds
  2 quokkas
  7 bats
  3 frilled lizards
  A jackal skeleton (D:5)
  6 rats
121 creatures vanquished.

Vanquished Creatures (collateral kills)
  A sky beast (D:6)
  A scorpion (D:6)
  2 orc wizards
  A hound zombie (D:6)
  A shadow imp (D:6)
  3 orcs
9 creatures vanquished.

Vanquished Creatures (others)
  An ancestor (D:6)
1 creature vanquished.

Grand Total: 131 creatures vanquished

Notes
Turn   | Place    | Note
-------+----------+-------------------------------------------
     0 | D:1      | Mourdos the Centaur Hunter began the quest for the Orb.
     0 | D:1      | Reached XP level 1. HP: 17/17 MP: 1/1
   237 | D:1      | Reached XP level 2. HP: 24/24 MP: 2/2
   482 | D:1      | Reached skill level 6 in Bows
   732 | D:2      | Found a faded altar of an unknown god.
   947 | D:2      | Reached XP level 3. HP: 29/30 MP: 3/3
  1843 | D:3      | Reached skill level 7 in Bows
  1856 | D:3      | Reached XP level 4. HP: 24/37 MP: 4/4
  2309 | D:3      | Reached XP level 5. HP: 44/44 MP: 5/5
  2758 | D:3      | Noticed Purgy
  2789 | D:3      | Killed Purgy
  2789 | D:3      | Reached skill level 8 in Bows
  2789 | D:3      | Reached skill level 1 in Armour
  2996 | D:3      | Reached XP level 6. HP: 51/51 MP: 6/6
  3242 | D:4      | Reached skill level 9 in Bows
  3653 | D:4      | Noticed Robin
  3691 | D:4      | Killed Robin
  3691 | D:4      | Reached XP level 7. HP: 57/57 MP: 7/7
  3850 | D:5      | Entered Level 5 of the Dungeon
  3872 | D:5      | Found an opulent altar of Gozag.
  3991 | D:5      | Noticed Ijyb
  4101 | D:5      | Noticed Ijyb
  4101 | D:5      | Ijyb changed into Ijyb the hound
  4114 | D:5      | Killed Ijyb the hound
  4288 | D:5      | Reached skill level 10 in Bows
  4952 | D:6      | Got a faintly glowing garnet amulet
  4954 | D:6      | Identified the amulet "Soblouk Osk" {+Blink +Rage rElec} (You found it on level 6 of the Dungeon)
  4957 | D:6      | Found a staircase to the Ecumenical Temple.
  5069 | D:6      | Reached XP level 8. HP: 42/67 MP: 8/8
  5172 | Temple   | Entered the Ecumenical Temple
  5274 | Temple   | Became a worshipper of Hepliaklqana the Forgotten
  5517 | D:6      | Reached skill level 5 in Fighting
  5517 | D:6      | Reached skill level 11 in Bows
  5787 | D:6      | Found a runed door.
  5791 | D:6      | Noticed Crazy Yiuf
  5800 | D:6      | Killed Crazy Yiuf
  6157 | D:6      | Reached skill level 1 in Stealth
  6226 | D:7      | Killed from afar by an orc priest

Skill      XL: |  1  2  3  4  5  6  7  8 |
---------------+-------------------------+-----
Bows           | 6 7 8 9 10 11 | 11.9
Fighting       | 3 4 5 |  5.3
Armour         | 1 2 |  2.6
Dodging        | 2 |  2.6
Stealth        | 1 |  1.1
Polearms       | |  0.4

Action                   |  1- 3 |  4- 6 |  7- 9 || total
-------------------------+-------+-------+-------++-------
Melee: Shortbow          |       |     3 |    10 ||    13
       Kick              |       |     1 |     8 ||     9
       Dagger            |       |       |    22 ||    22
       Halberd           |       |       |    23 ||    23
       Mace              |       |       |     3 ||     3
 Fire: Shortbow          |   118 |   185 |   166 ||   469
Invok: Recall Ancestor   |       |       |     6 ||     6
       Ancestor Identity |       |       |     1 ||     1
Evoke: Wand              |       |       |     1 ||     1
  Use: Scroll            |       |     1 |     1 ||     2
       Potion            |       |       |     3 ||     3
  Eat: Chunk             |     1 |     5 |     6 ||    12
Armor: Leather armour    |    18 |     4 |       ||    22
       Ring mail         |       |     8 |       ||     8
       Troll leather arm |       |     7 |    28 ||    35
       Animal skin       |       |       |    11 ||    11
Dodge: Dodged            |    19 |    26 |    56 ||   101
Block: Other             |     1 |     8 |       ||     9
